AoeStats
← Rey David

Four Lakes

508276235Analyzed
1v1 RM · 9d ago on Sep 21, 2026· 68m 11s· 2 players
Game mode
Random Map
Map size
Tiny (2 player)
Population
200
Speed
Normal
Resources
Standard
Victory
Conquest
Starting age
Dark Age
Ending age
Imperial Age
RankedLock teamsTeams togetherTeam positionsShared explorationLock speedFull tech treeHidden civsTurbo modeCheats
Victory
Defeat
🇪🇨 Teutons · Ecuador
985
+15
969
-15
Смерть буржуямъ
7:01 Loom
7:56 Loom
10:12 Feudal Age
14:30 Castle Age
12:20 Double-Bit Axe
15:17 Gold Mining
15:15 Town Watch
18:00 Fervor
18:46 Horse Collar
24:51 Redemption
25:01 Sanctity
25:28 Wheelbarrow
24:54 Town Patrol
28:47 Hand Cart
38:45 Imperial Age
37:04 Circumnavigation
38:44 Stone Mining
39:15 Bow Saw
41:15 Block Printing
41:36 Theocracy
44:09 Block Printing
45:23 Chemistry
46:46 Conscription
47:00 Ballistics
47:08 Murder Holes
49:41 Arquebus
51:13 Theocracy
50:41 Fletching
52:55 Bodkin Arrow
53:03 Heavy Plow
53:40 Masonry
57:29 Bracer
56:59 Elite Organ Gun
Rey David
4:42 Loom
10:22 Feudal Age
20:13 Castle Age
18:47 Bloodlines
30:21 Pikeman
33:24 Forging
39:51 Iron Casting
46:52 Imperial Age
44:37 Devotion
47:47 Scale Barding Armor
48:30 Capped Ram
51:20 Chain Barding Armor
51:53 Cavalier
55:06 Plate Barding Armor
57:10 Faith
Connection lost

Rejoining the realm…

Still unreachable

The connection could not be restored.

Session expired

The server has moved on; the page needs a fresh start.